 Dungeon Crawl Stone Soup version 0.25-a0-510-ge065f6de7d (webtiles) character file.

Game seed: 2177384705668984122, levelgen mode: classic

3261 EnegeticOcto the Cleaver (level 9, 79/82 HPs)
             Began as a Deep Dwarf Fighter on Feb 15, 2020.
             Was an Initiate of Makhleb.
             Quit the game on level 8 of the Dungeon.
             The game lasted 00:03:47 (4265 turns).

EnegeticOcto the Cleaver (Deep Dwarf Fighter)       Turns: 4265, Time: 00:03:47

Health: 79/82      AC: 13    Str: 24    XL:     9   Next: 68%
Magic:  5/5        EV:  8    Int:  8    God:    Makhleb [......]
Gold:   408        SH: 12    Dex: 12    Spells: 8/8 levels left

rFire    . . .     SeeInvis .   a - +1 war axe
rCold    + . .     Gourm    .   c - +1 kite shield
rNeg     . . .     Faith    .   s - +0 plate armour
rPois    .         Spirit   .   (no helmet)
rElec    .         Reflect  .   e - scarf {cloud immunity}
rCorr    .         Harm     .   (no gloves)
MR       ++...                  (no boots)
Stlth    ..........             (no amulet)
HPRegen  0.00/turn              i - ring of protection from cold
MPRegen  0.09/turn              q - ring of protection from magic

@: non-regenerating
A: damage resistance, heal wounds, sense surroundings 2, no regeneration
a: Heal Wounds, Renounce Religion


You were on level 8 of the Dungeon.
You worshipped Makhleb.
Makhleb was noncommittal.
You were full.

You visited 2 branches of the dungeon, and saw 9 of its levels.
You also visited: Sewer.

You collected 408 gold pieces.

Inventory:

Hand Weapons
 a - a +1 war axe (weapon)
Armour
 b - a +0 scale mail
 c - a +1 kite shield (worn)
 e - a scarf of cloud immunity (worn)
 s - a +0 plate armour (worn)
Jewellery
 i - a ring of protection from cold (left hand)
 q - a ring of protection from magic (right hand)
 y - a cursed ring of teleportation {unknown}
Wands
 k - a wand of digging (7) {@V2}
 B - a wand of iceblast (6)
Scrolls
 f - a scroll of vulnerability {unknown}
 h - 3 scrolls of magic mapping {@r5}
 l - 2 scrolls of blinking {@r3}
 o - a scroll of teleportation {@r2}
 r - 2 scrolls of remove curse {@r6}
 x - a scroll of enchant weapon
Potions
 d - 2 potions of might {@q3}
 g - a potion of lignification {unknown}
 j - 2 potions of invisibility
 m - 7 potions of curing {@q1}
 n - a potion of mutation {unknown}
 p - a potion of brilliance {unknown}
 t - 3 potions of flight
 v - 2 potions of heal wounds {@q2}
 w - 2 potions of agility {@q5}
 z - a potion of cancellation
 A - a potion of ambrosia {unknown}
Comestibles
 u - 11 chunks of flesh


   Skills:
 + Level 5.7 Fighting
 * Level 9.0 Axes
 + Level 7.0 Armour
 + Level 5.9 Dodging
 + Level 6.9 Shields
 * Level 0.0 Invocations


You had 8 spell levels left.
You didn't know any spells.
Your spell library contained the following spells:

 Spells                   Type           Power        Failure   Level  Hunger
 Beastly Appendage        Tmut           #.....       100%        1    ##.....
 Infusion                 Chrm           #...         100%        1    ##.....
 Shroud of Golubria       Chrm/Tloc      #.....       100%        2    ###....
 Song of Slaying          Chrm           #.......     100%        2    ###....
 Sticks to Snakes         Tmut           #.......     100%        2    ###....
 Ozocubu's Armour         Chrm/Ice       #.......     100%        3    ####...
 Spectral Weapon          Hex/Chrm       #.......     100%        3    ####...
 Spider Form              Tmut/Pois      #.........   100%        3    ####...
 Ice Form                 Ice/Tmut       #.......     100%        4    #####..
 Blade Hands              Tmut           #.........   100%        5    ######.


Dungeon Overview and Level Annotations

Branches:
Dungeon (8/15)             Temple (1/1) D:7            Lair (0/6) D:8
  Sewer (visited)

Altars:
Ashenzari
Cheibriados
Dithmenos
Elyvilon
Fedhas
Gozag
Kikubaaqudgha
Makhleb
Okawaru
Qazlal
Ru
Sif Muna
Trog
Uskayaw
Vehumet
Xom
Yredelemnul
Zin
The Shining One

Annotations:
D:4 1 runed translucent door, kae's ghost, amateur DsGl


Innate Abilities, Weirdness & Mutations

You are resistant to damage.
You can heal yourself by infusing magical energy.
You passively map the area around you.
You do not regenerate.


Message History

An orc priest comes into view.
The hippogriff bites you. The hippogriff pecks you.
The hippogriff claws you but does no damage.
You block the death yak's attack. The crocodile bites you.
The orc priest shouts!
You hit the crocodile but do no damage.
The crocodile is moderately wounded.
You closely miss the hippogriff. You hit the death yak but do no damage.
The hippogriff closely misses you. You block the hippogriff's attack. x2
The death yak gores you!! The crocodile bites you.
You slash the crocodile!
The crocodile is severely wounded.
Your plate armour prevents you from hitting the hippogriff.
You hit the death yak but do no damage.
The hippogriff bites you but does no damage.
The hippogriff barely misses you. The hippogriff claws you.
The death yak gores you. The crocodile bites you!
An orc comes into view. It is wielding a +0 mace.
The orc shouts!
You block the death yak's attack.
You hit the hippogriff but do no damage.
The hippogriff is lightly wounded.
The hippogriff barely misses you. The hippogriff pecks you.
The hippogriff barely misses you.
You hit the hippogriff.
The hippogriff is moderately wounded.
The hippogriff bites you. You block the hippogriff's attack. x2
The hippogriff bites you but does no damage.
The hippogriff pecks you. The hippogriff barely misses you.
You slash the hippogriff!
The hippogriff is heavily wounded.
You hit the death yak but do no damage. You block the death yak's attack.
You hit the death yak.
The death yak is lightly wounded.
The death yak gores you!
You are too injured to fight recklessly!
You are too injured to fight recklessly!
You are too injured to fight recklessly!
You are too injured to fight recklessly!
You are too injured to fight recklessly!
You are too injured to fight recklessly!
You are too injured to fight recklessly!
You are too injured to fight recklessly!
You are too injured to fight recklessly!
You are too injured to fight recklessly!
You are too injured to fight recklessly!
You are too injured to fight recklessly!
You are too injured to fight recklessly!
You feel much better.
The death yak gores you but does no damage.
You hit the death yak but do no damage.
The death yak is lightly wounded.
You block the death yak's attack.
You hit the death yak.
The death yak is lightly wounded.
The death yak barely misses you.
An orc comes into view. It is wielding a +0 dagger.
The orc shouts!
You hit the death yak but do no damage.
The death yak is lightly wounded.
The death yak gores you but does no damage.
You hit the death yak but do no damage.
The death yak is lightly wounded.
The death yak gores you but does no damage.
The orc priest begins to cast a cantrip, but forgets the words!
You hit the death yak.
The death yak is lightly wounded.
You block the death yak's attack.
You slash the death yak!
The death yak is lightly wounded.
You block the death yak's attack.
You hit the death yak.
The death yak is lightly wounded.
You block the death yak's attack.
You hit the death yak.
The death yak is moderately wounded.
The death yak gores you!
You hit the death yak but do no damage.
The death yak is moderately wounded.
You block the death yak's attack. The death yak gores you.
You barely miss the death yak.
The death yak is lightly wounded.
You block the death yak's attack.
You hit the death yak.
The death yak is moderately wounded.
The death yak gores you!
You are too injured to fight recklessly!
You are too injured to fight recklessly!
You are too injured to fight recklessly!
You are too injured to fight recklessly!
You are too injured to fight recklessly!
You are too injured to fight recklessly!
You are too injured to fight recklessly!
You are too injured to fight recklessly!
You feel much better. You block the death yak's attack.
Your magical essence is drained by the effort!
You feel much better. The death yak closely misses you.
Evoke which item? (* to show all) (? for menu, Esc to quit)
Okay, then.
Are you sure you want to abandon this character and quit the game? (Confirm with "yes".)

* * , ...........#####.#..
* .##.........##..... , , ,
#................ ** .# ,*
#..............#. , *#.. **
####...._..#..... * * ....
* #...........#.#. * .P.P.
* #.#.........#... *
P..PP.######.##.#..#.#.###.
* .....oYtHY@.........#..#
. , ,
.....ool####(.#.##.#.#.# ,
..>....o# #..#.##.#.#.# *,
, .......## #.......#,, .
** , ....... * ##.#.. , *
.P....# * .####* * ,...o..
* .# * , .....# ,* .# , * ,
* , , *,


You could see a death yak, an elephant, a hippogriff, a basilisk, an orc
warrior, a crocodile and 2 orcs.

Vanquished Creatures
  A two-headed ogre (D:7)
  Joseph (D:7)
  3 hungry ghosts
  2 orc warriors (D:8)
  A sky beast (D:7)
  An ice beast (D:8)
  A black bear (D:6)
  3 ogres
  A centaur (D:7)
  A big kobold (Sewer)
  3 bullfrogs
  3 wights (D:6)
  4 crimson imps
  A centaur zombie (D:5)
  6 orc priests
  A jelly (D:7)
  A quasit (D:6)
  An orc wizard (D:5)
  An iguana (D:6)
  2 worker ants
  A hound zombie (D:5)
  A hound skeleton (D:4)
  A howler monkey zombie (D:4)
  An adder (D:5)
  4 gnolls (D:7)
  4 oozes
  3 worms
  3 leopard geckos
  22 orcs
  5 bats
  7 giant cockroaches
  A goblin (D:3)
  4 hobgoblins
  13 jackals
  2 quokkas
  6 frilled lizards
  16 kobolds
  A quokka skeleton (D:4)
  8 rats
141 creatures vanquished.

Notes
Turn   | Place    | Note
-------+----------+-------------------------------------------
     0 | D:1      | EnegeticOcto the Deep Dwarf Fighter began the quest for the
                  | Orb.
     0 | D:1      | Reached XP level 1. HP: 20/20 MP: 1/1
    98 | D:1      | Reached XP level 2. HP: 22/27 MP: 2/2
   221 | D:2      | Reached skill level 1 in Dodging
   223 | D:2      | Reached XP level 3. HP: 24/33 MP: 3/3
   342 | D:3      | Reached skill level 3 in Axes
   454 | D:3      | Found a stormy altar of Qazlal.
   472 | D:3      | Reached XP level 4. HP: 27/42 MP: 4/4
   710 | D:4      | Found a runed translucent door.
   710 | D:4      | Noticed kae's ghost (amateur DsGl)
   805 | D:4      | Reached XP level 5. HP: 38/49 MP: 5/5
   835 | D:4      | Found a shimmering altar of Xom.
  1301 | D:5      | Entered Level 5 of the Dungeon
  1302 | D:5      | Noticed an ogre
  1308 | D:5      | Killed an ogre
  1308 | D:5      | Reached skill level 4 in Axes
  1451 | D:5      | Found a shattered altar of Ashenzari.
  1453 | D:5      | Found a sacrificial altar of Ru.
  1500 | D:5      | Reached XP level 6. HP: 40/56 MP: 6/6
  1852 | D:5      | Found a glowing drain.
  1856 | Sewer    | Entered a sewer
  2095 | Sewer    | Reached skill level 5 in Axes
  2263 | D:6      | Reached XP level 7. HP: 57/63 MP: 7/7
  2290 | D:6      | Noticed a hungry ghost
  2311 | D:6      | Killed a hungry ghost
  2317 | D:6      | Reached skill level 5 in Armour
  2317 | D:6      | Reached skill level 5 in Shields
  2631 | D:6      | Reached skill level 6 in Axes
  2684 | D:6      | Reached XP level 8. HP: 65/72 MP: 7/7
  2804 | D:7      | Found a staircase to the Ecumenical Temple.
  2818 | Temple   | Entered the Ecumenical Temple
  3095 | D:7      | Noticed Joseph
  3125 | D:7      | Reached skill level 7 in Axes
  3131 | D:7      | Killed Joseph
  3191 | D:7      | Noticed a two-headed ogre
  3205 | D:7      | Killed a two-headed ogre
  3205 | D:7      | Reached skill level 5 in Fighting
  3205 | D:7      | Reached skill level 8 in Axes
  3205 | D:7      | Reached skill level 5 in Dodging
  3205 | D:7      | Gained mutation: You passively map the area around you.
                  | [Deep Dwarf growth]
  3205 | D:7      | Reached XP level 9. HP: 44/81 MP: 7/7
  4064 | D:8      | Found a burning altar of Makhleb.
  4071 | D:8      | Found a shimmering altar of Xom.
  4186 | D:8      | Reached skill level 9 in Axes
  4191 | D:8      | Found a burning altar of Makhleb.
  4209 | D:8      | Became a worshipper of Makhleb the Destroyer
  4234 | D:8      | Noticed an elephant
  4234 | D:8      | Noticed a death yak
  4235 | D:8      | Found a staircase to the Lair.
  4265 | D:8      | Quit the game

Levels and vault maps discovered:
D:1:      dpeg_arrival_brainrot, layout_basic, st_stairs_4,
          kennysheep_crisscross
D:2:      layout_loops_ring, chequers_jeans
D:3:      layout_loops_ring, grunt_qazlal_sundering, fedhas_altar_1, uniq_ijyb
D:4:      layout_loops_corners, gammafunk_ghost_grave, first_ration,
          hangedman_decor_growths, xom_teletrap_fun
D:5:      layout_rooms, chequers_temple_overflow_statue_of_worship,
          gup_sewer_entry_spiral
D:6:      layout_basic
D:7:      layout_gridville, minmay_temple_entry_proselytizer, uniq_joseph
D:8:      layout_loops_ring, nicolae_overflow_hidden_temple, david_lair_generic,
          basic_altar
Temple:   eino_narrow_crystal_temple

Skill      XL: |  1  2  3  4  5  6  7  8  9 |
---------------+----------------------------+-----
Dodging        | 1 2 3 5 |  5.9
Axes           | 3 4 5 6 8 9 |  9.0
Fighting       | 3 4 5 |  5.7
Armour         | 4 5 6 7 |  7.0
Shields        | 4 5 6 |  6.9

Action                   |  1- 3 |  4- 6 |  7- 9 || total
-------------------------+-------+-------+-------++-------
Melee: War axe           |   101 |   205 |   295 ||   601
 Abil: Heal Wounds       |     1 |     3 |    16 ||    20
  Use: Scroll            |       |       |    13 ||    13
  Eat: Chunk             |       |     5 |     8 ||    13
       Ration            |       |       |    10 ||    10
Armor: Scale mail        |    50 |    37 |       ||    87
       Plate armour      |       |    77 |   161 ||   238
Dodge: Dodged            |    33 |    59 |    91 ||   183
Block: Kite shield       |    50 |   114 |   182 ||   346

Table legend:
 A = Non-vault XP
 B = Vault XP
 C = Vault XP percentage of total XP
 D = Non-vault monster count
 E = Vault monster count
 F = Vault count percentage of total count
                 A         B        C        D         E       F
            +---------+---------+-------+---------+---------+-------
      Total |    3995 |     664 |  14.3 |     106 |      35 |  24.8
            +---------+---------+-------+---------+---------+-------
        D:1 |      24 |       5 |  17.2 |      11 |       1 |   8.3
        D:2 |      16 |       0 |   0.0 |       8 |       0 |   0.0
        D:3 |      63 |       0 |   0.0 |      11 |       0 |   0.0
        D:4 |     101 |       0 |   0.0 |      10 |       0 |   0.0
        D:5 |     292 |      28 |   8.8 |      14 |       8 |  36.4
        D:6 |     942 |       0 |   0.0 |      18 |       0 |   0.0
        D:7 |    1588 |     486 |  23.4 |      12 |       2 |  14.3
        D:8 |     969 |       0 |   0.0 |      22 |       0 |   0.0
      Sewer |       0 |     145 | 100.0 |       0 |      24 | 100.0
            +---------+---------+-------+---------+---------+-------
